 Dungeon Crawl Stone Soup version 0.18.1-48-g4cf74bf (webtiles) character file.

685 Jonno22 the Shield-Bearer (level 7, 0/55 HPs)
             Began as a Human Fighter on Aug 21, 2016.
             Was a Follower of Makhleb.
             Engulfed by a cloud of flame (7 damage)
             ... on level 5 of the Dungeon on Aug 22, 2016.
             The game lasted 01:00:48 (5598 turns).

Jonno22 the Shield-Bearer (Human Fighter)           Turns: 5598, Time: 01:00:53

Health: 0/55       AC: 14    Str: 18    XL:     7   Next: 93%
Magic:  7/7        EV:  4    Int:  9    God:    Makhleb [*.....]
Gold:   203        SH: 10    Dex: 12    Spells: 0 memorised, 6 levels left

rFire  . . .     SeeInvis .     G - +4 hand axe
rCold  . . .     Gourm    .     Q - +0 plate armour
rNeg   . . .     Faith    .     c - +0 shield
rPois  .         Spirit   .     (no helmet)
rElec  .         Dismiss  .     N - +0 cloak
rCorr  .         Reflect  .     (no gloves)
SustAt .         Harm     .     h - +0 pair of boots
MR     .....                    (no amulet)
Stlth  ..........               (no ring)
                                (no ring)

@: not resistant to hostile enchantments, extremely unstealthy
A: no striking features
a: Renounce Religion


You were on level 5 of the Dungeon.
You worshipped Makhleb.
Makhleb was aware of your devotion.
You were not hungry.

You visited 1 branch of the dungeon, and saw 5 of its levels.

You collected 203 gold pieces.

Inventory:

Hand Weapons
 a - a +0 long sword
 b - the +7 hunting sling of Hacking and Slashing {speed, -Tele +Fly Int+4}
   (You found it on level 4 of the Dungeon)

   Attacks with this weapon are significantly faster.
   It affects your intelligence (+4).
   It lets you fly.
   It prevents most forms of teleportation.
 j - a +0 short sword
 m - a +0 falchion
 y - a +0 war axe
 G - a +4 hand axe (weapon)
Missiles
 g - 46 sling bullets
 n - 101 stones
 o - 3 javelins (quivered)
 p - 92 arrows
 K - 4 large rocks
 V - 10 poisoned needles
Armour
 c - a +0 shield (worn)
 h - a +0 pair of boots (worn)
 s - a +1 chain mail of cold resistance
 N - a +0 cloak (worn)
 Q - a +0 plate armour (worn)
 Y - a +3 leather armour of cold resistance
Jewellery
 e - an uncursed ring of teleportation
 l - an uncursed ring of fire
 t - an uncursed amulet of dismissal
Wands
 I - a wand of acid (7/15)
Scrolls
 r - 3 scrolls of remove curse
 u - a scroll of fear
 C - 2 scrolls of enchant armour
 D - a scroll of recharging
 J - a scroll of teleportation {unknown}
 M - a scroll of enchant weapon {unknown}
 R - a scroll of fog {unknown}
 T - 2 scrolls of identify
Potions
 d - a potion of might
 i - a potion of invisibility {unknown}
 v - 2 potions of haste {unknown}
 x - a potion of ambrosia {unknown}
 z - 2 potions of brilliance {unknown}
 B - a potion of agility {unknown}
 F - a potion of curing {unknown}
 H - a potion of degeneration {unknown}
 X - a potion of cancellation {unknown}
Comestibles
 f - a bread ration
 k - 2 fruits
 A - a slice of pizza
 E - a meat ration
 S - a beef jerky


   Skills:
 + Level 4.4 Fighting
 + Level 3.2 Long Blades
 + Level 4.8 Armour
 + Level 2.0 Dodging
 + Level 0.2 Stealth
 + Level 5.9 Shields
 + Level 0.2 Evocations


You had 6 spell levels left.
You didn't know any spells.

Dungeon Overview and Level Annotations

Branches:
Dungeon (5/15)             Temple (0/1) D:5

Altars:
Kikubaaqudgha
Makhleb
Ru
Trog


Message History

The gnoll barely misses you.
You hit the gnoll shaman.
The gnoll shaman is heavily wounded.
The gnoll hits you from afar with a halberd!
You block the gnoll shaman's attack. The gnoll hits you but does no damage.
The gnoll shaman hits you but does no damage.
You slash the gnoll shaman!
The gnoll shaman explodes!
The fiery explosion engulfs the gnoll.
The gnoll explodes!
The fiery explosion engulfs the gnoll.
The gnoll explodes!
Makhleb accepts your kill.
You feel better. Makhleb accepts your kill.
You feel better. The fiery explosion engulfs you!
* * * LOW HITPOINT WARNING * * *
Makhleb accepts your kill.
You are engulfed in roaring flames.
You die...

#..........#...# #.............
#############...# #.............
#...........#...# #.............
#.#########.#...# #.........####
#.#########.#...# #.........####
#.#.............####.........#...
#.#.#######..........##.######.##
#.#.###################.######.#
#.#.#....%.%.)ยงยง@).............#
#.#.#.############....#.#########
#.#.#.# #.##.#.#........ #.#.#.#
#.##.#.#.####### #.#.#.#
#.##.#.#.# #.#.#.#### #.##.#.#.#
#.#......## #.##.#.#.#
#.###.#.#.## #.#..#.#.# #.#
#..#.#.## ##.##.#.#.#######


There were no monsters in sight!

Vanquished Creatures
  Eustachio (D:5)
  An ice beast (D:5)
  The ghost of Anatei the Chopper, an amateur HOGl (D:3)
  A crimson imp (D:5)
  A hound (D:4)
  A gnoll shaman (D:5)
  2 worker ants (D:4)
  4 gnolls (D:5)
  10 adders
  A shadow imp (D:5)
  An ooze (D:2)
  2 worms (D:2)
  6 giant geckos
  3 orcs
  2 ball pythons (D:4)
  9 bats
  6 giant cockroaches
  8 goblins
  5 hobgoblins
  5 jackals (D:2)
  2 kobolds
  5 quokkas
  4 giant newts
  15 rats
  2 butterflies (D:5)
98 creatures vanquished.

Notes
Turn   | Place    | Note
--------------------------------------------------------------
     0 | D:1      | Jonno22 the Human Fighter began the quest for the Orb.
     0 | D:1      | Reached XP level 1. HP: 18/18 MP: 1/1
   312 | D:1      | Reached XP level 2. HP: 12/24 MP: 2/2
  1206 | D:2      | Found an ancient bone altar of Kikubaaqudgha.
  1270 | D:2      | Reached XP level 3. HP: 23/29 MP: 3/3
  1514 | D:2      | Reached skill level 1 in Dodging
  1621 | D:2      | Reached XP level 4. HP: 33/35 MP: 4/4
  1908 | D:2      | Found a bloodstained altar of Trog.
  2072 | D:3      | Noticed Anatei's ghost (amateur HOGl)
  2099 | D:3      | Killed Anatei's ghost
  2099 | D:3      | Reached skill level 4 in Shields
  2099 | D:3      | Reached XP level 5. HP: 24/41 MP: 5/5
  2100 | D:3      | Found a burning altar of Makhleb.
  2545 | D:3      | Became a worshipper of Makhleb the Destroyer
  3102 | D:4      | Reached XP level 6. HP: 30/47 MP: 6/6
  3593 | D:4      | Got an iridescent hunting sling
  4250 | D:5      | Entered Level 5 of the Dungeon
  4273 | D:5      | Identified the +7 hunting sling of Hacking and Slashing {speed, -Tele +Fly Int+4} (You found it on level 4 of the Dungeon)
  4409 | D:5      | Reached * piety under Makhleb
  4436 | D:5      | Found a sacrificial altar of Ru.
  4449 | D:5      | Noticed an ice beast
  4482 | D:5      | Killed an ice beast
  4482 | D:5      | Reached skill level 5 in Shields
  4482 | D:5      | Reached XP level 7. HP: 27/54 MP: 7/7
  4648 | D:5      | Found a staircase to the Ecumenical Temple.
  5224 | D:5      | Noticed Eustachio
  5236 | D:5      | Killed Eustachio
  5598 | D:5      | Engulfed by a cloud of flame

Skill      XL: |  1  2  3  4  5  6  7 |
---------------+----------------------+-----
Dodging        | 1 2 |  2.0
Shields        | 4 5 |  5.9
Armour         | 4 |  4.8
Fighting       | 4 |  4.4
Long Blades    | 3 |  3.2
Stealth        | |  0.2
Evocations     | |  0.2

Action                   |  1- 3 |  4- 6 |  7- 9 || total
-------------------------+-------+-------+-------++-------
Melee: Long sword        |   142 |   292 |    79 ||   513
       Hand axe          |       |       |    40 ||    40
Evoke: Wand              |       |       |     2 ||     2
  Use: Scroll            |     2 |     9 |     5 ||    16
       Potion            |       |     1 |     1 ||     2
  Eat: Fruit             |     1 |       |       ||     1
       Bread ration      |     1 |       |       ||     1
       Meat ration       |       |     1 |     1 ||     2
       Pizza             |       |     1 |       ||     1
Armor: Scale mail        |    62 |       |       ||    62
       Chain mail        |    56 |    80 |       ||   136
       Plate armour      |       |   145 |    67 ||   212
Dodge: Dodged            |    56 |    73 |    17 ||   146
Block: Shield            |   119 |   213 |    72 ||   404
